 Dungeon Sprint DCSS version 0.21.2 (webtiles) character file.

5610 Fang the Severer (level 10, -7/73 HPs)
             Began as a Gargoyle Berserker on Oct 9, 2018.
             Was the Champion of Trog.
             Killed from afar by a lindwurm (10 damage)
             ... with a blast of flame
             ... in the Dungeon (Sprint IX: "|||||||||||||||||||||||||||||").
             The game lasted 00:02:44 (1616 turns).

Fang the Severer (Gargoyle Berserker)               Turns: 1616, Time: 00:02:45

Health: -7/73      AC: 23    Str: 32    XL:     10   Next: 73%
Magic:  10/10      EV: 11    Int:  8    God:    Trog [******]
Gold:   0          SH:  0    Dex:  9    Spells: 9/9 levels left

rFire    + . .     SeeInvis .   w - +4 executioner's axe "Idemmaf" {freeze, +Fly rF+ Str+2}
rCold    . . .     Gourm    .   (shield currently unavailable)
rNeg     + . .     Faith    .   t - +0 plate armour
rPois    ∞         Spirit   .   q - +0 helmet
rElec    +         Reflect  .   (no cloak)
rCorr    .         Harm     .   (no gloves)
MR       .....     NoTele   +   (no boots)
Stlth    ..........             (no amulet)
HPRegen  0.22/turn              n - +3 ring of strength
MPRegen  0.12/turn              o - +3 ring of strength

@: berserk cooldown, slowed, very slow
A: negative energy resistance 1, electricity resistance, unbreathing,
petrification resistance, rot immunity, AC +7
a: Berserk, Trog's Hand, Brothers in Arms, Burn Spellbooks, Renounce Religion,
Evoke Flight


You were in the Dungeon.
You worshipped Trog.
Trog was exalted by your worship.
You were very hungry.

You visited 1 branch

Inventory:

Hand Weapons
 b - a +1 battleaxe of electrocution
 m - a +3 war axe of freezing
 w - the +4 executioner's axe "Idemmaf" (weapon) {freeze, +Fly rF+ Str+2}
   (Trog gifted it to you in the Dungeon)

   It has been specially enchanted to freeze those struck by it, causing extra
   injury to most foes and up to half again as much damage against particularly
   susceptible opponents.
   It can also slow down cold-blooded creatures.
   It affects your strength (+2).
   It protects you from fire.
   It lets you fly.
Armour
 q - a +0 helmet (worn)
 t - a +0 plate armour (worn)
Jewellery
 n - a +3 ring of strength (left hand)
 o - a +3 ring of strength (right hand)
Wands
 l - a wand of acid (10)
Scrolls
 a - 3 scrolls of fear
 i - 3 scrolls of blinking
 k - 3 scrolls of remove curse
 p - 2 scrolls of enchant weapon
 u - a scroll of fog
Potions
 d - 5 potions of curing
 e - 2 potions of heal wounds
 f - 2 potions of haste
 g - 4 potions of magic
 h - 2 potions of berserk rage
 j - a potion of invisibility
 r - 2 potions of agility
 s - a potion of might
Comestibles
 c - a ration


   Skills:
 + Level 13.3 Fighting
 + Level 16.1 Axes
 + Level 10.1 Armour
 + Level 6.6 Dodging
 + Level 4.8 Stealth


You had 9 spell levels left.
You didn't know any spells.

Dungeon Overview and Level Annotations

Branches:
Dungeon (1/1)

Altars:
Cheibriados
Dithmenos
Elyvilon
Fedhas
Gozag
Hepliaklqana
Kikubaaqudgha
Makhleb
Nemelex Xobeh
Okawaru
Qazlal
Ru
Sif Muna
Trog
Uskayaw
Vehumet
Wu Jian
Xom
Yredelemnul
Zin
The Shining One
Beogh
Jiyva
Lugonu


Innate Abilities, Weirdness & Mutations

You are resistant to torment.
Your stone body is resilient. (AC +7)
You are immune to poison.
You resist negative energy. (rN+)
You are resistant to electric shocks. (rElec)
You can survive without breathing.
You are immune to petrification.
You are immune to rotting.


Message History

The lindwurm claws you but does no damage.
You see here a worm corpse.
Unknown command.
You swap places.
Your iron troll bites the lindwurm!
Your iron troll claws the lindwurm!!
The lindwurm dies!
Trog accepts your kill. Something appears at your feet!
Trog grants you a weapon!
Your Axes skill increases to level 16!
Your Armour skill increases to level 10!
Your iron troll bites the lindwurm!
Your iron troll claws the lindwurm!
Your iron troll claws the lindwurm.
Things that are here:
a polished hunting sling {god gift}; a tyrant leech corpse x2
The lindwurm breathes flames at you.
The blast of flame hits your iron troll.
Your iron troll resists.
The blast of flame hits you! You resist.
You die...

▓_▓.▓.▓
▓_▓.▓.▓
▓_▓.▓.▓
▓_▓.▓.▓
▓_▓.▓.▓
▓_▓.▓.▓
▓_▓.▓.▓
▓_▓.▓.▓
▓'▓.▓@▓
▓.▓.▓)▓
▓?▓.▓T▓
▓|▓.▓k▓
▓)▓.▓.▓
▓[▓.▓.▓
▓[▓.▓.▓
▓.▓.▓.▓
▓.▓.▓.▓


You could see a lindwurm and a friendly iron troll (berserk).

Vanquished Creatures
  A hydra (D)
  A manticore (D)
  2 black mambas (D)
  4 spiny frogs (D)
  3 tyrant leeches (D)
  A dream sheep (D)
  A hippogriff (D)
  A wyvern (D)
  A yak (D)
  2 water moccasins (D)
  An orc warrior (D)
  2 porcupines (D)
  A phantom (D)
  A centaur (D)
  A crocodile (D)
  2 bullfrogs (D)
  A killer bee (D)
  A quasit (D)
  2 hounds (D)
  2 iguanas (D)
  A worker ant (D)
  An adder (D)
  An adder zombie (D)
  3 worms (D)
  A dart slug (D)
  A bat zombie (D)
  2 giant cockroaches (D)
  2 hobgoblins (D)
  A jackal (D)
  A bat (D)
  A giant cockroach zombie (D)
46 creatures vanquished.

Vanquished Creatures (collateral kills)
  A lindwurm (D)
1 creature vanquished.

Grand Total: 47 creatures vanquished

Notes
Turn   | Place    | Note
-------+----------+-------------------------------------------
     0 | D        | Fang the Gargoyle Berserker began the quest for the Orb.
     0 | D        | Reached XP level 1. HP: 14/14 MP: 1/1
    14 | D        | Reached skill level 3 in Axes
    21 | D        | Reached ** piety under Trog
    34 | D        | Reached XP level 2. HP: 4/20 MP: 2/2
   392 | D        | Noticed a phantom
   392 | D        | Noticed a centaur
   398 | D        | Killed a phantom
   398 | D        | Reached skill level 5 in Axes
   398 | D        | Reached XP level 3. HP: 28/28 MP: 3/3
   398 | D        | Reached XP level 4. HP: 32/32 MP: 4/4
   400 | D        | Reached *** piety under Trog
   405 | D        | Reached skill level 6 in Axes
   416 | D        | Killed a centaur
   416 | D        | Reached skill level 7 in Axes
   416 | D        | Reached XP level 5. HP: 2/39 MP: 5/5
   789 | D        | Found a roughly hewn altar of Beogh.
   789 | D        | Found a snail-covered altar of Cheibriados.
   789 | D        | Found a shadowy altar of Dithmenos.
   789 | D        | Found a white marble altar of Elyvilon.
   789 | D        | Found a blossoming altar of Fedhas.
   789 | D        | Found an opulent altar of Gozag.
   790 | D        | Found a hazy altar of Hepliaklqana.
   791 | D        | Found a viscous altar of Jiyva.
   792 | D        | Found an ancient bone altar of Kikubaaqudgha.
   793 | D        | Found a corrupted altar of Lugonu.
   794 | D        | Found a burning altar of Makhleb.
   795 | D        | Found a sparkling altar of Nemelex Xobeh.
   796 | D        | Found an iron altar of Okawaru.
   797 | D        | Found a stormy altar of Qazlal.
   798 | D        | Found a sacrificial altar of Ru.
   799 | D        | Found a deep blue altar of Sif Muna.
   800 | D        | Found a bloodstained altar of Trog.
   801 | D        | Found a hide-covered altar of Uskayaw.
   802 | D        | Found a radiant altar of Vehumet.
   803 | D        | Found an ornate altar of the Wu Jian Council.
   804 | D        | Found a shimmering altar of Xom.
   805 | D        | Found a basalt altar of Yredelemnul.
   806 | D        | Found a glowing silver altar of Zin.
   807 | D        | Found a glowing golden altar of the Shining One.
   860 | D        | Noticed an orc warrior
   862 | D        | Reached **** piety under Trog
   862 | D        | Reached XP level 6. HP: 45/45 MP: 6/6
   865 | D        | Killed an orc warrior
   865 | D        | Reached skill level 8 in Axes
   868 | D        | Reached skill level 1 in Stealth
   869 | D        | Reached skill level 9 in Axes
   870 | D        | Reached ***** piety under Trog
  1030 | D        | Noticed a manticore
  1035 | D        | Killed a manticore
  1035 | D        | Reached skill level 10 in Fighting
  1035 | D        | Reached skill level 10 in Axes
  1035 | D        | Reached skill level 5 in Armour
  1035 | D        | Reached skill level 5 in Dodging
  1035 | D        | Reached XP level 7. HP: 53/53 MP: 7/7
  1037 | D        | Received a gift from Trog
  1040 | D        | Reached skill level 11 in Axes
  1045 | D        | Reached XP level 8. HP: 59/59 MP: 8/8
  1282 | D        | Noticed a spiny frog
  1282 | D        | Noticed a hippogriff
  1282 | D        | Noticed a spiny frog
  1282 | D        | Noticed a black mamba
  1286 | D        | Killed a spiny frog
  1289 | D        | Killed a hippogriff
  1289 | D        | Reached skill level 12 in Axes
  1292 | D        | Noticed a yak
  1292 | D        | Killed a spiny frog
  1294 | D        | Received a gift from Trog
  1294 | D        | Reached XP level 9. HP: 64/64 MP: 9/9
  1300 | D        | Killed a black mamba
  1300 | D        | Reached skill level 13 in Axes
  1361 | D        | Noticed a spiny frog
  1361 | D        | Noticed a black mamba
  1362 | D        | Noticed an eight-headed hydra
  1365 | D        | Reached skill level 14 in Axes
  1367 | D        | Noticed a spiny frog
  1368 | D        | Killed a spiny frog
  1375 | D        | Killed a black mamba
  1376 | D        | Reached ****** piety under Trog
  1376 | D        | Reached XP level 10. HP: 72/72 MP: 10/10
  1383 | D        | Killed a 14-headed hydra
  1383 | D        | Reached skill level 15 in Axes
  1395 | D        | Killed a spiny frog
  1401 | D        | Received a gift from Trog
  1406 | D        | Got an encrusted executioner's axe {god gift}
  1565 | D        | Identified the +4 executioner's axe "Idemmaf" {freeze, +Fly rF+ Str+2} (Trog gifted it to you in the Dungeon)
  1576 | D        | Noticed a lindwurm
  1600 | D        | Noticed a lindwurm
  1614 | D        | HP: 3/73 [lindwurm (3)]
  1615 | D        | Killed a lindwurm
  1615 | D        | Received a gift from Trog
  1615 | D        | Reached skill level 16 in Axes
  1615 | D        | Reached skill level 10 in Armour
  1616 | D        | Killed from afar by a lindwurm

Skill      XL: |  1  2  3  4  5  6  7  8  9 10 |
---------------+-------------------------------+-----
Axes           | 3 5 7 10 11 12 14 16 | 16.1
Fighting       | 4 6 7 8 10 11 12 13 | 13.3
Armour         | 3 4 5 6 8 10 | 10.1
Dodging        | 2 3 5 6 |  6.6
Stealth        | 2 3 4 |  4.8

Action                   |  1- 3 |  4- 6 |  7- 9 | 10-12 || total
-------------------------+-------+-------+-------+-------++-------
Melee: Hand axe          |    35 |    15 |       |       ||    50
       War axe           |       |    17 |    51 |    24 ||    92
       Executioner's axe |       |       |       |    31 ||    31
Invok: Berserk           |     1 |     2 |     2 |     1 ||     6
       Brothers in Arms  |       |       |       |     1 ||     1
  Use: Potion            |       |       |       |     1 ||     1
  Eat: Chunk             |       |     2 |     3 |     2 ||     7
Armor: Animal skin       |    11 |     2 |       |       ||    13
       Chain mail        |       |     9 |     1 |       ||    10
       Plate armour      |       |       |     8 |    46 ||    54
Dodge: Dodged            |    21 |    20 |    14 |    27 ||    82
